 Dungeon Crawl Stone Soup version 0.27-a0-1149-g4505690ab0 (webtiles) character file.

Game seed: 11963136008568246429

280 HoaS the Ruffian (level 6, -6/35 HPs)
             Began as a Gargoyle Hunter on May 13, 2021.
             Was an Initiate of Okawaru.
             Mangled by an ogre
             ... wielding a +0 giant spiked club
              (16 damage)
             ... on level 4 of the Dungeon.
             The game lasted 00:12:43 (4907 turns).

HoaS the Ruffian (Gargoyle Hunter)                  Turns: 4907, Time: 00:12:43

Health: -6/35      AC: 15    Str: 17    XL:     6   Next: 27%
Magic:  6/6        EV:  7    Int: 12    God:    Okawaru [......]
Gold:   176        SH:  0    Dex: 10    Spells: 5/5 levels left

rFire    . . .     SeeInvis +     - Unarmed
rCold    . . .     Faith    .   (no shield)
rNeg     + . .     Spirit   .   t - +0 chain mail
rPois    ∞         Reflect  .   (no helmet)
rElec    +         Harm     .   (no cloak)
rCorr    .         Rampage  .   (no gloves)
Will     .....                  i - +2 pair of boots
Stlth    ..........             (no amulet)
HPRegen  0.11/turn              e - ring of see invisible
MPRegen  0.10/turn              l - ring of flight

@: flying
A: sickness immunity, AC +4, negative energy resistance 1, electricity
resistance, torment resistance 1, petrification resistance
a: Renounce Religion


You were on level 4 of the Dungeon.
You worshipped Okawaru.
Okawaru was noncommittal.
You visited 2 branches of the dungeon, and saw 5 of its levels.

You collected 176 gold pieces.

Inventory:

Hand Weapons
 a - a +2 shortbow
Missiles
 d - 29 arrows
Armour
 i - a +2 pair of boots (worn)
 t - a +0 chain mail (worn)
Jewellery
 e - a ring of see invisible (left hand)
 l - a ring of flight (right hand)
Wands
 r - a wand of polymorph (12)
Scrolls
 c - 2 scrolls of teleportation
 h - a scroll of fear
 n - a scroll of summoning
Potions
 b - a potion of attraction {unknown}
 f - a potion of curing {unknown}
 g - a potion of haste
 j - a potion of lignification {unknown}
 k - a potion of cancellation {unknown}
 m - 2 potions of heal wounds {unknown}
 p - a potion of ambrosia {unknown}
 q - a potion of degeneration {unknown}
 s - a potion of mutation {unknown}


   Skills:
 - Level 2.1 Fighting
 + Level 4.9 Bows
 - Level 1.5 Dodging
 - Level 1.1 Stealth
 + Level 5.0 Unarmed Combat
 + Level 1.2 Invocations


You had 5 spell levels left.
You didn't know any spells.
Your spell library contained the following spells:

 Spells                   Type           Power      Damage    Failure   Level
 Animate Skeleton         Necr           0%         N/A       99%         1
 Corona                   Hex            0%         N/A       99%         1
 Pain                     Necr           0%         1d4       99%         1
 Sandblast                Erth           0%         2d4       99%         1
 Sting                    Tmut/Pois      0%         1d3       99%         1
 Summon Small Mammal      Summ           0%         N/A       99%         1
 Call Imp                 Summ           0%         N/A       100%        2
 Ensorcelled Hibernation  Hex/Ice        0%         N/A       100%        2
 Passwall                 Tmut/Erth      0%         N/A       100%        2
 Poisonous Vapours        Pois/Air       0%         N/A       100%        2
 Call Canine Familiar     Summ           0%         N/A       100%        3
 Confusing Touch          Hex            0%         N/A       100%        3
 Dazzling Flash           Conj/Hex       0%         N/A       100%        3
 Ignite Poison            Fire/Tmut/Pois 0%         N/A       100%        3
 Mephitic Cloud           Conj/Pois/Air  0%         N/A       100%        3
 Stone Arrow              Conj/Erth      0%         3d7       100%        3
 Summon Guardian Golem    Hex/Summ       0%         N/A       100%        3
 Tukima's Dance           Hex            0%         N/A       100%        3
 Vampiric Draining        Necr           0%         2d6       100%        3
 Animate Dead             Necr           0%         N/A       100%        4
 Olgreb's Toxic Radiance  Pois           0%         N/A       100%        4
 Petrify                  Tmut/Erth      0%         N/A       100%        4
 Summon Ice Beast         Ice/Summ       0%         N/A       100%        4
 Summon Lightning Spire   Summ/Air       0%         N/A       100%        4
 Agony                    Necr           0%         N/A       100%        5
 Lee's Rapid Deconstruct  Erth           0%         3d5*      100%        5


Dungeon Overview and Level Annotations

Branches:
Dungeon (4/15)             Temple (1/1) D:4

Altars:
Cheibriados
Dithmenos
Elyvilon
Fedhas
Gozag
Hepliaklqana
Kikubaaqudgha
Makhleb
Nemelex Xobeh
Okawaru
Qazlal
Ru
Sif Muna
Trog
Uskayaw
Vehumet
Wu Jian
Xom
Yredelemnul
Zin
The Shining One


Innate Abilities, Weirdness & Mutations

You are immune to sickness and miasma.
Your stone body is resilient. (AC +4)
You are immune to poison.
You resist negative energy. (rN+)
You are resistant to electric shocks. (rElec)
You are resistant to unholy torment.
You are immune to petrification.


Message History

Your Unarmed Combat skill increases to level 5!
No target in view!
An ogre comes into view. It is wielding a +0 giant spiked club.
The ogre shouts!
a - a +2 shortbow (weapon)
You shoot an arrow. The arrow barely misses the ogre.
You shoot an arrow. The arrow hits the ogre.
The ogre is lightly wounded.
You shoot an arrow. The arrow hits the ogre!
The ogre is moderately wounded.
You shoot an arrow. The arrow hits the ogre!
The ogre is severely wounded.
You are now empty-handed.
Your chain mail prevents you from hitting the ogre.
The ogre is severely wounded.
The ogre barely misses you.
You hit the ogre but do no damage.
The ogre is severely wounded.
The ogre barely misses you.
You hit the ogre.
The ogre is severely wounded.
You hit the ogre but do no damage.
The ogre is severely wounded.
The ogre barely misses you.
You hit the ogre.
The ogre is almost dead.
The ogre hits you with a +0 giant spiked club!
You hit the ogre but do no damage.
The ogre is almost dead.
You hit the ogre.
The ogre is almost dead.
The ogre hits you with a +0 giant spiked club!
You are too injured to fight recklessly!
You barely miss the ogre.
The ogre is almost dead.
The ogre barely misses you.
You barely miss the ogre.
The ogre is almost dead.
The ogre hits you with a +0 giant spiked club!
You die...

.......)##..
#(..........##..
###............##.#
...............#...
..... ............ .(..
.............
##(.#..............
###.O.##.............
##...@........^<....#.
#...................##
##....................
##........>....#.......
#.............##..#....
##..##.#.......#####...
#....####..##..........
##..## #.#####........
#### ### ##.....##.


You could see an ogre.

Vanquished Creatures
  A scorpion (D:4)
  Jessica (D:3)
  An iguana (D:3)
  Natasha (D:4)
  A hound skeleton (D:4)
  A gnoll (D:1)
  4 adders
  An ufetubus (D:4)
  2 worms
  2 dart slugs (D:3)
  2 orcs (D:3)
  7 endoplasms
  2 giant cockroaches
  3 goblins
  9 hobgoblins
  4 jackals (D:1)
  3 quokkas
  8 ball pythons
  6 bats
  3 frilled lizards
  5 kobolds (D:3)
  5 rats
72 creatures vanquished.

Notes
Turn   | Place    | Note
-------+----------+-------------------------------------------
     0 | D:1      | HoaS the Gargoyle Hunter began the quest for the Orb.
     0 | D:1      | Reached XP level 1. HP: 12/12 MP: 1/1
    98 | D:1      | Reached skill level 1 in Unarmed Combat
   295 | D:1      | Reached XP level 2. HP: 17/17 MP: 2/2
   485 | D:1      | Reached skill level 2 in Unarmed Combat
  1153 | D:1      | Reached XP level 3. HP: 19/21 MP: 3/3
  1221 | D:1      | Reached skill level 3 in Unarmed Combat
  2461 | D:2      | Reached XP level 4. HP: 24/26 MP: 4/4
  2827 | D:3      | Found a shadowy altar of Dithmenos.
  3033 | D:3      | Reached skill level 4 in Unarmed Combat
  3236 | D:3      | Noticed Jessica
  3239 | D:3      | Killed Jessica
  3240 | D:3      | Reached XP level 5. HP: 28/30 MP: 5/5
  3293 | D:3      | Found a blossoming altar of Fedhas.
  3805 | D:3      | Found a shimmering blue altar of Sif Muna.
  3942 | D:4      | Found the +8 trident of the Octopus King {venom, rElec
                  | rPois Will+}
  4286 | D:4      | Found a staircase to the Ecumenical Temple.
  4286 | D:4      | Noticed Natasha
  4306 | D:4      | Killed Natasha
  4350 | Temple   | Entered the Ecumenical Temple
  4630 | Temple   | Became a worshipper of Warmaster Okawaru
  4682 | D:4      | Reached skill level 1 in Invocations
  4682 | D:4      | Reached XP level 6. HP: 23/35 MP: 6/6
  4833 | D:4      | Reached skill level 5 in Unarmed Combat
  4907 | D:4      | Mangled by an ogre

Illustrated notes

Levels and vault maps discovered:
D:1:      matt_arrival_spirals, layout_loops_ring
D:2:      layout_loops_ring
D:3:      minmay_inner_zag, layout_basic, overflow_temple_1_default,
          marbit_many_paths, amcnicky_altar_gilded, kennysheep_small_spiral,
          uniq_jessica
D:4:      layout_cave_pools, minmay_temple_entry_ruins, minivault_14,
          chequers_serial_rivers_micro_c, uniq_natasha
Temple:   eino_narrow_crystal_temple

Skill      XL: |  1  2  3  4  5  6 |
---------------+-------------------+-----
Unarmed Combat | 1 2 3 4 5 |  5.0
Invocations    | 1 |  1.2
Fighting       | |  2.1
Bows           | |  4.9
Dodging        | |  1.5
Stealth        | |  1.1

Action                   |  1- 3 |  4- 6 || total
-------------------------+-------+-------++-------
Melee: Unarmed           |   205 |   188 ||   393
       Punch             |     1 |     2 ||     3
 Fire: Shortbow          |     4 |     5 ||     9
  Use: Scroll            |     3 |     6 ||     9
       Potion            |       |     1 ||     1
 Stab: Sleeping          |     1 |       ||     1
Armor: Leather armour    |    75 |     3 ||    78
       Ring mail         |       |    62 ||    62
       Chain mail        |       |     9 ||     9
Dodge: Dodged            |   122 |    87 ||   209

Table legend: (Time is in decaauts)
 A = Elapsed time spent in this place.
 B = Non-inter-level travel time spent in this place.
 C = Inter-level travel time spent in this place.
 D = Time resting spent in this place.
 E = Time spent auto-exploring this place.
 F = Levels seen in this place.
 G = Mean time per level.
                   A        B        C        D        E       F      G
               +--------+--------+--------+--------+--------+-----+--------+
         Total |   4862 |   4705 |    157 |   1503 |   2466 |   5 |  972.4 |
       Dungeon |   4576 |   4433 |    143 |   1420 |   2291 |   4 | 1144.0 |
        Temple |    285 |    271 |     14 |     83 |    175 |   1 |  285.0 |
               +--------+--------+--------+--------+--------+-----+--------+

Top non-repeatable levels by time:
     D:1: 1691 daAuts
     D:3: 1145 daAuts
     D:2: 1086 daAuts
     D:4: 652 daAuts
  Temple: 285 daAuts
